 Dungeon Crawl Stone Soup version 0.27.1-35-g4d5d836560 (webtiles) character file.

Game seed: 11396178988046122346

42 Fek the Skirmisher (level 3, 0/29 HPs)
             Began as a Demonspawn Berserker on Feb 20, 2022.
             Was a Believer of Trog.
             Succumbed to an adder's poison
             ... on level 2 of the Dungeon.
             The game lasted 00:01:59 (1032 turns).

Fek the Skirmisher (Demonspawn Berserker)           Turns: 1032, Time: 00:01:59

Health: 0/29       AC:  2    Str: 18    XL:     3   Next: 35%
Magic:  3/3        EV: 15    Int:  8    God:    Trog [**....]
Gold:   62         SH:  0    Dex: 12    Spells: 2/2 levels left

rFire    + . .     SeeInvis .   a - +0 falchion
rCold    + . .     Faith    +   (no shield)
rNeg     . . .     Spirit   .   b - +0 animal skin
rPois    +         Reflect  .   (no helmet)
rElec    +         Harm     .   (no cloak)
rCorr    +         Rampage  .   (no gloves)
Will     +....                  (no boots)
Stlth    +.........             h - amulet of faith
HPRegen  0.09/turn              g - ring of willpower
MPRegen  0.08/turn              (no ring)

@: lethally poisoned (0 -> -2), resistant, on berserk cooldown, slowed, very
slow
A: repulsion field 2
a: Renounce Religion, Berserk, Trog's Hand


You were on level 2 of the Dungeon.
You worshipped Trog.
Trog was pleased with you.
You visited 1 branch of the dungeon, and saw 2 of its levels.

You collected 62 gold pieces.

Inventory:

Hand Weapons
 a - a +0 falchion (weapon)
Armour
 b - a +0 animal skin (worn)
Jewellery
 g - a ring of willpower (left hand)
 h - an amulet of faith (around neck)
Scrolls
 c - 4 scrolls of identify {unknown}
 e - a scroll of enchant armour {unknown}
 f - a scroll of teleportation {unknown}
 i - a scroll of amnesia {unknown}


   Skills:
 + Level 3.4 Fighting
 + Level 3.4 Long Blades
 + Level 1.9 Armour
 + Level 2.0 Dodging
 + Level 0.1 Stealth


You had 2 spell levels left.
You didn't know any spells.
Your spell library was empty.

Dungeon Overview and Level Annotations

Branches:
Dungeon (2/15)

Altars:


Innate Abilities, Weirdness & Mutations

You are surrounded by a moderate repulsion field. (EV +3)


Message History

The endoplasm misses you.
You closely miss the adder.
The adder is heavily wounded.
The adder barely misses you. The endoplasm barely misses you.
You hit the adder.
The adder is almost dead.
The adder bites you but does no damage. The endoplasm hits you.
* * * LOW HITPOINT WARNING * * *
You miss the adder.
The adder is almost dead.
The adder bites you.
* * * LOW HITPOINT WARNING * * *
You are poisoned.
The adder poisons you!
You hit the adder.
You kill the adder!
Trog accepts your kill.
You feel sick. The endoplasm freezes you.
You are frozen.
* * * LOW HITPOINT WARNING * * *
Your Dodging skill increases to level 2!
You slash the endoplasm!
You kill the endoplasm!
Trog accepts your kill.
You can now call upon Trog for regeneration and willpower.
* * * LOW HITPOINT WARNING * * *
You feel sick.
* * * LOW HITPOINT WARNING * * *
You feel sick.
You feel a strong urge to attack something.
* * * LOW HITPOINT WARNING * * *
You feel sick.
You are no longer berserk.
You are exhausted.
You feel yourself slow down.
There is a lethal amount of poison in your body!
It was a potion of resistance.
You feel protected.
You die...

#.. ... #.# #.. ### #.#
#.# ..## ####.# #.#
...###....########.#
...................#
.....#......##.#†#.#####.
..............###.†......#
.†...#...#..##.#@###..####
....##...#..##...###..#
...###...#..............
.......^.##.##...####.###
..#......##.###.## #
.###.##...#.# #.# ##
##.......# #..
.###.##(..#.# ####
..#.......).#


There were no monsters in sight!

Vanquished Creatures
  An adder (D:2)
  2 dart slugs
  2 ball pythons (D:1)
  5 bats
  An endoplasm (D:2)
  5 giant cockroaches
  3 goblins
  3 hobgoblins
  2 quokkas (D:1)
  A kobold (D:1)
  A rat (D:1)
26 creatures vanquished.

Notes
Turn   | Place    | Note
-------+----------+-------------------------------------------
     0 | D:1      | Fek the Demonspawn Berserker began the quest for the Orb.
     0 | D:1      | Reached XP level 1. HP: 18/18 MP: 1/1
   206 | D:1      | Gained mutation: You are surrounded by a mild repulsion
                  | field. (EV +2) [demonic ancestry]
   206 | D:1      | Reached XP level 2. HP: 24/24 MP: 2/2
  1012 | D:2      | Gained mutation: You are surrounded by a moderate repulsion
                  | field. (EV +3) [demonic ancestry]
  1012 | D:2      | Reached XP level 3. HP: 29/29 MP: 3/3
  1028 | D:2      | Reached ** piety under Trog
  1032 | D:2      | Succumbed to an adder's poison

Illustrated notes

Levels and vault maps discovered:
D:1:      beargit_arrival_diablo_church, layout_basic
D:2:      layout_loops_ring, minmay_hexomino_f4

Skill      XL: |  1  2  3 |
---------------+----------+-----
Long Blades    | 3 |  3.4
Dodging        | 2 |  2.0
Fighting       | |  3.4
Armour         | |  1.9
Stealth        | |  0.1

Action                   || total
-------------------------++-------
Melee: Falchion          ||    77
Invok: Berserk           ||     1
  Use: Potion            ||     1
Armor: Animal skin       ||    17
Dodge: Dodged            ||    54
       Rpst.: Falchion   ||    16
